 Seeded DCSS version 0.30-a0-377-g5cb311bc9f (webtiles) character file.

Game seed: 12959359503278850223 (custom seed)

1111 retardedninja the Conjurer (level 8, -1/57 HPs)
             Began as a Grey Draconian Conjurer on Nov 30, 2022.
             Was an Initiate of Vehumet.
             Killed from afar by an orc wizard (4 damage)
             ... with a magic dart
             ... on level 5 of the Dungeon.
             The game lasted 00:24:56 (11799 turns).

retardedninja the Conjurer (DrCj)                  Turns: 11799, Time: 00:24:57

Health: -1/57      AC: 11    Str: 13    XL:     8   Next: 11%
Magic:  23/23      EV: 12    Int: 18    God:    Vehumet [......]
Gold:   183        SH:  0    Dex:  9    Spells: 14/17 levels left

rFire   . . .      SeeInvis .    a - +5 dire flail (holy)
rCold   . . .      Faith    +    (shield currently unavailable)
rNeg    . . .      Spirit   .    (body armour unavailable)
rPois   .          Reflect  .    (helmet restricted)
rElec   .          Harm     .    (no cloak)
rCorr   .          Rampage  .    (no gloves)
Will    .....                    (no boots)
Stlth   ++........               o
                                   - Hermit's Pendant {Faith Invo=14 Evo=0 MP+5}
HPRegen 0.29/turn                (no ring)
MPRegen 0.18/turn                (no ring)

@: no status effects
A: AC +11, amphibious, unfitting armour, cold-blooded
a: Renounce Religion


You were on level 5 of the Dungeon.
You worshipped Vehumet.
Vehumet was noncommittal.
You visited 2 branches of the dungeon, and saw 6 of its levels.

You collected 205 gold pieces.
You spent 22 gold pieces at shops.

Inventory:

Hand Weapons
 a - a +5 dire flail of holy wrath (weapon)
Jewellery
 o - the Hermit's Pendant (around neck) {Faith Invo=14 Evo=0 MP+5}
   (You found it on level 3 of the Dungeon)

   [amulet of faith]

   It sets your invocations skill to 14 and your evocations skill to 0.
   It allows you to gain divine favour quickly.
   MP:        It affects your magic capacity (+5).
Wands
 h - a wand of flame (8)
Scrolls
 d - a scroll of immolation {unknown}
 e - a scroll of amnesia {unknown}
 i - a scroll of butterflies {unknown}
 j - a scroll of identify
 k - 2 scrolls of noise {unknown}
Potions
 c - 3 potions of mutation
 f - 2 potions of brilliance


   Skills:
 + Level 1.0 Maces & Flails
 + Level 3.6 Dodging
 * Level 4.6 Stealth
 * Level 5.0 Spellcasting
 + Level 5.3 Conjurations
 + Level 3.4(14.0) Invocations
 - Level 2.2(0.0) Evocations


You had 14 spell levels left.
You knew the following spells:

 Your Spells              Type           Power      Damage    Failure   Level
a - Magic Dart            Conj           92%        1d7       1%          1
b - Searing Ray           Conj           46%        2d6       2%          2

Your spell library contained the following spells:

 Spells                   Type           Power      Damage    Failure   Level
 Kiss of Death            Conj/Necr      56%        2d9       4%          1
 Apportation              Tloc           8%         N/A       13%         1
 Necrotise                Necr           16%        1d4       13%         1
 Summon Small Mammal      Summ           16%        N/A       13%         1
 Dazzling Flash           Conj/Hex       28%        N/A       13%         3
 Sublimation of Blood     Necr           4%         N/A       21%         2
 Wereblood                Tmut           4%         N/A       21%         2
 Confusing Touch          Hex            4%         N/A       36%         3
 Fulminant Prism          Conj/Hex       7%         3d7       41%         4
 Iskenderun's Mystic Bla  Conj/Tloc      14%        2d5       41%         4
 Dispel Undead            Necr           4%         3d7       78%         4
 Summon Hydra             Summ           2%         N/A       100%        7
 Borgnjor's Revivificati  Necr           2%         N/A       100%        8
 Necromutation            Tmut/Necr      2%         N/A       100%        8
 Death's Door             Necr           2%         N/A       100%        9


Dungeon Overview and Level Annotations

Branches:
Dungeon (5/15)             Temple (1/1) D:4

Altars:
Cheibriados
Dithmenos
Hepliaklqana
Kikubaaqudgha
Makhleb
Ru
Trog
Uskayaw
Vehumet
Wu Jian
Xom
Yredelemnul
Zin
The Shining One

Shops:
D:3 **:=


Innate Abilities, Weirdness & Mutations

Your dull iron-grey scales are very hard. (AC +11)
You are amphibious.
You cannot fit into any form of body armour.
You are cold-blooded and may be slowed by cold attacks.


Message History

The orc wizard hits you but does no damage.
You bump into the rock wall.
The orc wizard barely misses you.
You closely miss the orc wizard. The orc wizard barely misses you. x2
You feel less confused.
The orc wizard gestures wildly while chanting.
The orc wizard flickers and vanishes!
Deactivating autopickup; reactivate with Ctrl-A.
Something hits you.
You are electrocuted!!
There is a stone staircase leading up here.
You barely miss something. Something hits you but does no damage.
You closely miss something. Something hits you but does no damage.
You completely miss something.
Your tail-slap misses something.
Something hits you but does no damage.
You completely miss something. Something hits you but does no damage.
You are electrocuted!
Something hits you but does no damage.
You miss something. Something hits you.
You are electrocuted!
* * * LOW HITPOINT WARNING * * *
It was a potion of ambrosia.
You are confused.
You feel invigorated. Something hits you.
* * * LOW HITPOINT WARNING * * *
You barely miss something. Something hits you.
* * * LOW HITPOINT WARNING * * *
You feel less invigorated.
You feel less confused.
You thump something!
You hear some strange, mumbled words.
A puff of flame appears from out of thin air!
The puff of flame hits you but does no damage.
You barely miss something. Something hits you but does no damage.
Something hits you.
* * * LOW HITPOINT WARNING * * *
You are electrocuted!
* * * LOW HITPOINT WARNING * * *
You hit something but do no damage. Something hits you but does no damage.
You barely miss something.
You hear some strange, mumbled words.
A magic dart appears from out of thin air!
The magic dart hits you.
You die...

###### ##### #.
..# ....# #.
#.# ###.#
###.##.########
#.#
#...@{<.)#...o.
###.#
#.#.......[#
..#.#
#..#.#.##...#
#.#.# #
#..#.#.# ..
....#
#.#....#.#
#.###
#........#
#.###
####.#####
#...# #.# ###.#
#.#


There were no monsters in sight!

Vanquished Creatures
  Edmund (D:5)
  Duvessa (D:4)
  An orc warrior (D:4)
  A black bear (D:5)
  An ogre (D:4)
  A necrophage (D:4)
  A scorpion (D:3)
  Dowan (D:4)
  3 hounds
  A jelly (D:4)
  Jessica (D:2)
  Natasha (thrice) (D:2)
  2 orc wizards (D:5)
  7 adders
  An ufetubus (Temple)
  2 worms (D:2)
  A dart slug (D:2)
  11 orcs
  8 endoplasms
  8 giant cockroaches
  6 goblins
  10 hobgoblins
  3 jackals
  3 quokkas
  4 ball pythons
  7 bats
  4 frilled lizards
  3 kobolds
  7 rats
103 creatures vanquished.

Notes
Turn   | Place    | Note
-------+----------+-------------------------------------------
     0 | D:1      | retardedninja the Draconian Conjurer began the quest for
                  | the Orb.
     0 | D:1      | Reached XP level 1. HP: 14/14 MP: 3/3
   493 | D:1      | Found a faded altar of an unknown god.
   521 | D:2      | Reached XP level 2. HP: 16/20 MP: 0/5
  2149 | D:1      | Reached XP level 3. HP: 25/26 MP: 2/6
  2152 | D:1      | Learned a level 2 spell: Searing Ray
  2878 | D:2      | Noticed Natasha
  2884 | D:2      | Killed Natasha
  2885 | D:2      | Reached skill level 1 in Evocations
  3355 | D:2      | Reached XP level 4. HP: 33/33 MP: 1/8
  3835 | D:2      | Noticed Jessica
  3842 | D:2      | Killed Jessica
  3843 | D:2      | Reached skill level 1 in Invocations
  4301 | D:2      | Noticed Natasha
  4304 | D:2      | Killed Natasha
  4305 | D:2      | Reached XP level 5. HP: 38/38 MP: 2/9
  4765 | D:2      | Found a bloodstained altar of Trog.
  4859 | D:2      | Noticed Natasha
  4864 | D:2      | Killed Natasha
  5842 | D:3      | Found Sujaxt's General Store.
  6182 | D:3      | Bought a scroll of identify for 22 gold pieces
  6302 | D:3      | Found Moramea's Assorted Antiques.
  6628 | D:3      | Found Kiddazag's Jewellery Boutique.
  6653 | D:3      | Found Xaecw's Book Shoppe.
  6783 | D:3      | Found a faded altar of an unknown god.
  6783 | D:3      | Found the Hermit's Pendant {Faith Invo=14 Evo=0 MP+5}
  7296 | D:4      | Noticed an ogre
  7303 | D:4      | Killed an ogre
  7304 | D:4      | Reached XP level 6. HP: 41/45 MP: 13/16
  8022 | D:4      | Found a staircase to the Ecumenical Temple.
  8030 | Temple   | Entered the Ecumenical Temple
  8100 | Temple   | Became a worshipper of Vehumet
  8526 | D:4      | Noticed Duvessa
  8527 | D:4      | Noticed Dowan
  8545 | D:4      | Killed Duvessa
  8546 | D:4      | Reached skill level 5 in Conjurations
  8546 | D:4      | Your scales start taking on a dull iron-grey colour.
  8546 | D:4      | Reached XP level 7. HP: 13/49 MP: 1/17
  8909 | D:4      | HP: 1/50 [Dowan/+0 dagger (3)]
  8910 | D:4      | Killed Dowan
  9453 | D:4      | Found a basalt altar of Yredelemnul.
  9457 | D:4      | Found a glowing golden altar of the Shining One.
  9459 | D:4      | Noticed an angel
  9878 | D:4      | Noticed a profane servitor
 10177 | D:5      | Entered Level 5 of the Dungeon
 10177 | D:5      | Noticed Edmund
 10200 | D:5      | Killed Edmund
 11328 | D:5      | Reached XP level 8. HP: 46/57 MP: 8/18
 11565 | D:4      | Reached skill level 1 in Maces & Flails
 11565 | D:4      | Reached skill level 5 in Spellcasting
 11799 | D:5      | Killed from afar by an orc wizard

Illustrated notes

Levels and vault maps discovered:
D:1:      elethiomel_arrival_maze, layout_basic,
          chequers_ecumenical_altar_simple_redux, minivault_14, minivault_26,
          minmay_close_crescents
D:2:      layout_loops_ring, basic_altar, uniq_natasha, uniq_jessica
D:3:      layout_loops_ring, serial_shops, shop, shop, nicolae_shop_trees,
          nicolae_shop_crystal, hellmonk_guarded_unrand_hermit
D:4:      layout_cave_pods, grunt_temple_overflow_holy_war,
          minmay_temple_entry_tees, grunt_ministairs_15, uniq_duvessa
D:5:      layout_loops_corners, mainiacjoe_overflow_alcove_2,
          minmay_misc_feat_nine_boxes, uniq_prince_ribbit1, uniq_edmund
Temple:   nicolae_temple_hex_pool

Skill      XL: |  1  2  3  4  5  6  7  8 |
---------------+-------------------------+-----
Dodging        | 2 3 |  3.6
Stealth        | 2 3 4 |  4.6
Evocations     | 1 2 |  2.2
Invocations    | 1 2 3 |  3.4
Spellcasting   | 3 4 5 |  5.0
Conjurations   | 5 |  5.3
Maces & Flails | 1 |  1.0

Action                   |  1- 3 |  4- 6 |  7- 9 || total
-------------------------+-------+-------+-------++-------
Melee: Great mace        |     5 |       |       ||     5
       War axe           |     9 |     6 |       ||    15
       Dire flail        |       |       |    15 ||    15
 Cast: Magic Dart        |    67 |   122 |    60 ||   249
       Searing Ray       |     6 |    30 |    46 ||    82
  Use: Potion            |     1 |     3 |     4 ||     8
       Scroll            |       |     4 |     1 ||     5
Armor: Skin              |    28 |    31 |    65 ||   124
Dodge: Dodged            |    66 |    63 |    50 ||   179

Table legend: (Time is in decaauts)
 A = Elapsed time spent in this place.
 B = Non-inter-level travel time spent in this place.
 C = Inter-level travel time spent in this place.
 D = Time resting spent in this place.
 E = Time spent auto-exploring this place.
 F = Levels seen in this place.
 G = Mean time per level.
                   A        B        C        D        E       F      G
               +--------+--------+--------+--------+--------+-----+--------+
         Total |  11812 |  11581 |    231 |   6969 |   2679 |   6 | 1968.7 |
       Dungeon |  11002 |  10771 |    231 |   6265 |   2677 |   5 | 2200.4 |
        Temple |    809 |    809 |      0 |    704 |      2 |   1 |  809.0 |
               +--------+--------+--------+--------+--------+-----+--------+

Top non-repeatable levels by time:
     D:2: 2905 daAuts
     D:3: 2696 daAuts
     D:1: 2170 daAuts
     D:4: 2043 daAuts
     D:5: 1186 daAuts
  Temple: 809 daAuts
